BR
MONROE MALLARDS @ ROY EAGLE SQUADRON
09/09/2026
 
TOP OF THE 1ST
Matane Serpents batting - Pitching for Roy Eagle Squadron : RHP John Ashe
Pitching: RHP John Ashe
Batting: RHB Donovan James 0-0: Ball
1-0: Ball
2-0: SINGLE (Line Drive, 8LS)
Batting: RHB Wayne Carter 0-0: Ball
1-0: Called Strike
1-1: Foul Ball, location: 2F
1-2: Foul Ball, location: 2F
1-2: Ball
2-2: Ball
3-2: Grounds into double play, 3-6-1 (Groundball, 3)
Batting: LHB Enrique Cruz 0-0: Ground out 1-3 (Groundball, 23)
Top of the 1st over - 0 run(s), 1 hit(s), 0 error(s), 0 left on base; Matane 0 - Roy 0
BOTTOM OF THE 1ST
Roy Eagle Squadron batting - Pitching for Matane Serpents : RHP Mike Church
Pitching: RHP Mike Church
Batting: LHB Kelsey Scott 0-0: Ball
1-0: Swinging Strike
1-1: Swinging Strike
1-2: Ball
2-2: Ball
3-2: Strikes out looking
Batting: SHB Alex Stewart 0-0: Swinging Strike
0-1: Ball
1-1: Ball
2-1: Foul Ball, location: 2F
2-2: Ball
3-2: Fly out, F7 (Popup, 56D)
Batting: RHB Tony Hernández 0-0: Ball
1-0: Called Strike
1-1: DOUBLE (Groundball, 5L)
Batting: RHB Felipe Jareño 0-0: Called Strike
0-1: Called Strike
0-2: Ball
1-2: Foul Ball, location: 2F
1-2: Strikes out swinging
Bottom of the 1st over - 0 run(s), 1 hit(s), 0 error(s), 1 left on base; Matane 0 - Roy 0
TOP OF THE 2ND
Matane Serpents batting - Pitching for Roy Eagle Squadron : RHP John Ashe
Batting: RHB Marvin Johnson 0-0: Ball
1-0: Foul Ball, location: 2F
1-1: Ball
2-1: Foul Ball, location: 2F
2-2: Strikes out swinging
Batting: LHB John Fitzgerald 0-0: Ball
1-0: Ball
2-0: Called Strike
2-1: Foul Ball, location: 2F
2-2: Strikes out swinging
Batting: LHB Allen Boyd 0-0: Called Strike
0-1: Called Strike
0-2: Strikes out swinging
Top of the 2nd over - 0 run(s), 0 hit(s), 0 error(s), 0 left on base; Matane 0 - Roy 0
BOTTOM OF THE 2ND
Roy Eagle Squadron batting - Pitching for Matane Serpents : RHP Mike Church
Batting: SHB Fernando Borges 0-0: Swinging Strike
0-1: Called Strike
0-2: Ball
1-2: Foul Ball, location: 2F
1-2: Foul Ball, location: 2F
1-2: Foul Ball, location: 2F
1-2: Ball
2-2: Fly out, F6 (Popup, 4MS)
Batting: RHB José Vidal 0-0: Ball
1-0: Fly out, F7 (Flyball, 7S)
Batting: RHB Ken Miller 0-0: Ground out 5-3 (Groundball, 5D)
Bottom of the 2nd over - 0 run(s), 0 hit(s), 0 error(s), 0 left on base; Matane 0 - Roy 0
TOP OF THE 3RD
Matane Serpents batting - Pitching for Roy Eagle Squadron : RHP John Ashe
Batting: RHB Gary Robinson 0-0: Called Strike
0-1: Foul Ball, location: 2F
0-2: Foul Ball, location: 2F
0-2: Ball
1-2: Foul Ball, location: 2F
1-2: Foul Ball, location: 2F
1-2: Foul Ball, location: 2F
1-2: Ball
2-2: Strikes out looking
Batting: RHB Ricardo López 0-0: SINGLE (Line Drive, 7LS)
Batting: LHB William Foley 0-0: Foul Ball, location: 2F
0-1: Foul Ball, location: 2F
0-2: Grounds into double play, 5-4-3 (Groundball, 5)
Top of the 3rd over - 0 run(s), 1 hit(s), 0 error(s), 0 left on base; Matane 0 - Roy 0
BOTTOM OF THE 3RD
Roy Eagle Squadron batting - Pitching for Matane Serpents : RHP Mike Church
Batting: RHB Ben Ware 0-0: Swinging Strike
0-1: Called Strike
0-2: Ball
1-2: Ground out 4-3 (Groundball, 4)
Batting: RHB Oliver Sánchez 0-0: TRIPLE (Flyball, 7LM)
Batting: LHB Kelsey Scott 0-0: Ball
1-0: Ball
2-0: Foul Ball, location: 2F
2-1: Foul Ball, location: 2F
2-2: Ball
3-2: Foul Ball, location: 2F
3-2: Foul Ball, location: 2F
3-2: Base on Balls
Batting: SHB Alex Stewart 0-0: Ball
1-0: Ball
2-0: Ball
3-0: Called Strike
3-1: Swinging Strike
3-2: Strikes out swinging
Batting: RHB Tony Hernández 0-0: Swinging Strike
0-1: Ball
1-1: Ground out 6-3 (Groundball, 6)
Bottom of the 3rd over - 0 run(s), 1 hit(s), 0 error(s), 2 left on base; Matane 0 - Roy 0
TOP OF THE 4TH
Matane Serpents batting - Pitching for Roy Eagle Squadron : RHP John Ashe
Batting: RHB Donovan James 0-0: Ball
1-0: Foul Ball, location: 2F
1-1: Swinging Strike
1-2: Ball
2-2: Ball
3-2: Strikes out swinging
Batting: RHB Wayne Carter 0-0: Ground out 4-3 (Groundball, 13)
Batting: LHB Enrique Cruz 0-0: Ball
1-0: Foul Ball, location: 2F
1-1: Foul Ball, location: 2F
1-2: Ball
2-2: Foul Ball, location: 2F
2-2: Fly out, F7 (Flyball, 78M)
Top of the 4th over - 0 run(s), 0 hit(s), 0 error(s), 0 left on base; Matane 0 - Roy 0
BOTTOM OF THE 4TH
Roy Eagle Squadron batting - Pitching for Matane Serpents : RHP Mike Church
Batting: RHB Felipe Jareño 0-0: Called Strike
0-1: Ball
1-1: Fly out, F9 (Flyball, 89D)
Batting: SHB Fernando Borges 0-0: Foul Ball, location: 2F
0-1: SINGLE (Flyball, 89S)
Batting: RHB José Vidal 0-0: Called Strike
Fernando Borges is caught stealing 2nd base
0-1: Ball
1-1: Called Strike
1-2: Foul Ball, location: 2F
1-2: Strikes out swinging
Bottom of the 4th over - 0 run(s), 1 hit(s), 0 error(s), 0 left on base; Matane 0 - Roy 0
TOP OF THE 5TH
Matane Serpents batting - Pitching for Roy Eagle Squadron : RHP John Ashe
Batting: RHB Marvin Johnson 0-0: Ball
1-0: Ball
2-0: Called Strike
2-1: Ball
3-1: Foul Ball, location: 2F
3-2: Foul Ball, location: 2F
3-2: DOUBLE (Flyball, 8LXD)
Batting: LHB John Fitzgerald 0-0: Ball
1-0: Ground out 6-3 (Groundball, 6)
Batting: LHB Allen Boyd 0-0: Ball
1-0: Ball
2-0: Called Strike
2-1: Ball
3-1: Base on Balls
Batting: RHB Gary Robinson 0-0: Grounds into double play, 5-4-3 (Groundball, 56)
Top of the 5th over - 0 run(s), 1 hit(s), 0 error(s), 1 left on base; Matane 0 - Roy 0
BOTTOM OF THE 5TH
Roy Eagle Squadron batting - Pitching for Matane Serpents : RHP Mike Church
Batting: RHB Ken Miller 0-0: Called Strike
0-1: Called Strike
0-2: Fly out, F9 (Flyball, 89D)
Batting: RHB Ben Ware 0-0: Ball
1-0: Ball
2-0: Ball
3-0: Called Strike
3-1: Ground out 1-3 (Groundball, 13)
Batting: RHB Oliver Sánchez 0-0: Fly out, F7 (Flyball, 78M)
Bottom of the 5th over - 0 run(s), 0 hit(s), 0 error(s), 0 left on base; Matane 0 - Roy 0
TOP OF THE 6TH
Matane Serpents batting - Pitching for Roy Eagle Squadron : RHP John Ashe
Batting: RHB Ricardo López 0-0: Ground out 6-3 (Groundball, 6)
Batting: LHB William Foley 0-0: Fly out, F3 (Popup, 13)
Batting: RHB Donovan James 0-0: Called Strike
0-1: Called Strike
0-2: Foul Ball, location: 2F
0-2: Ball
1-2: DOUBLE (Line Drive, 7LM)
Batting: RHB Wayne Carter 0-0: Ball
1-0: Swinging Strike
1-1: Foul Ball, location: 2F
1-2: Ball
2-2: Foul Ball, location: 2F
2-2: Foul Ball, location: 2F
2-2: Foul Ball, location: 2F
2-2: Fly out, F7 (Flyball, 7M)
Top of the 6th over - 0 run(s), 1 hit(s), 0 error(s), 1 left on base; Matane 0 - Roy 0
BOTTOM OF THE 6TH
Roy Eagle Squadron batting - Pitching for Matane Serpents : RHP Mike Church
Batting: LHB Kelsey Scott 0-0: Foul Ball, location: 2F
0-1: Ball
1-1: Foul Ball, location: 2F
1-2: Foul Ball, location: 2F
1-2: Ball
2-2: Fly out, F8 (Flyball, 8RM)
Batting: SHB Alex Stewart 0-0: Fly out, F3 (Line Drive, 34)
Batting: RHB Tony Hernández 0-0: Swinging Strike
0-1: Ground out 6-3 (Groundball, 6)
Bottom of the 6th over - 0 run(s), 0 hit(s), 0 error(s), 0 left on base; Matane 0 - Roy 0
TOP OF THE 7TH
Matane Serpents batting - Pitching for Roy Eagle Squadron : RHP John Ashe
Pitching: RHP José Rivera
Batting: LHB Enrique Cruz 0-0: Called Strike
0-1: Foul Ball, location: 2F
0-2: Foul Ball, location: 2F
0-2: Strikes out swinging
Batting: RHB Marvin Johnson 0-0: Ball
1-0: Ground out 4-3 (Groundball, 4)
Batting: LHB John Fitzgerald 0-0: Called Strike
0-1: Ball
1-1: Ball
2-1: Swinging Strike
2-2: Foul Ball, location: 2F
2-2: Strikes out swinging
Top of the 7th over - 0 run(s), 0 hit(s), 0 error(s), 0 left on base; Matane 0 - Roy 0
BOTTOM OF THE 7TH
Roy Eagle Squadron batting - Pitching for Matane Serpents : RHP Mike Church
Pitching: LHP Don MacKinlay
Batting: RHB Felipe Jareño 0-0: Called Strike
0-1: Foul Ball, location: 2F
0-2: Ball
1-2: Ball
2-2: Foul Ball, location: 2F
2-2: Strikes out swinging
Batting: SHB Fernando Borges 0-0: Ball
1-0: Fly out, F8 (Line Drive, 8LXD)
Batting: RHB José Vidal 0-0: Ball
1-0: Called Strike
1-1: Foul Ball, location: 2F
1-2: Ball
2-2: Ball
3-2: Foul Ball, location: 2F
3-2: Foul Ball, location: 2F
3-2: Ground out 6-3 (Groundball, 6)
Bottom of the 7th over - 0 run(s), 0 hit(s), 0 error(s), 0 left on base; Matane 0 - Roy 0
TOP OF THE 8TH
Matane Serpents batting - Pitching for Roy Eagle Squadron : RHP José Rivera
Batting: LHB Allen Boyd 0-0: Swinging Strike
0-1: Foul Ball, location: 2F
0-2: Strikes out looking
Batting: RHB Gary Robinson 0-0: Fly out, F9 (Flyball, 89M)
Batting: RHB Ricardo López 0-0: Ball
1-0: Called Strike
1-1: Called Strike
1-2: Foul Ball, location: 2F
1-2: Foul Ball, location: 2F
1-2: Strikes out swinging
Top of the 8th over - 0 run(s), 0 hit(s), 0 error(s), 0 left on base; Matane 0 - Roy 0
BOTTOM OF THE 8TH
Roy Eagle Squadron batting - Pitching for Matane Serpents : LHP Don MacKinlay
Pinch Hitting: SHB Júlio Romano 0-0: Foul Ball, location: 2F
0-1: Ball
1-1: Ball
2-1: Ball
3-1: Base on Balls
Pinch Hitting: SHB Eduardo Sánchez 0-0: Ball
Júlio Romano is caught stealing 2nd base
1-0: Ball
2-0: Foul Ball, location: 2F
2-1: Fly out, F4 (Popup, 34D)
Pinch Hitting: SHB Emílio Romero 0-0: Foul Ball, location: 2F
0-1: Ball
1-1: Fly out, F7 (Flyball, 7M)
Bottom of the 8th over - 0 run(s), 0 hit(s), 0 error(s), 0 left on base; Matane 0 - Roy 0
TOP OF THE 9TH
Matane Serpents batting - Pitching for Roy Eagle Squadron : RHP José Rivera
Pitching: LHP Nick Thornton
Now at 1B: Eduardo Sánchez
Now in CF: Albert Valancía
Now in RF: Júlio Romano
Batting: LHB William Foley 0-0: Called Strike
0-1: Called Strike
0-2: Foul Ball, location: 2F
0-2: Strikes out swinging
Batting: RHB Donovan James 0-0: Called Strike
0-1: Ball
1-1: Ball
2-1: Foul Ball, location: 2F
2-2: Ball
3-2: Base on Balls
Batting: RHB Wayne Carter 0-0: Grounds into double play, 6-4-3 (Groundball, 6)
Top of the 9th over - 0 run(s), 0 hit(s), 0 error(s), 0 left on base; Matane 0 - Roy 0
BOTTOM OF THE 9TH
Roy Eagle Squadron batting - Pitching for Matane Serpents : LHP Don MacKinlay
Pinch Hitting: LHB Carlos Valentín 0-0: Fly out, F9 (Popup, 9LM)
Batting: SHB Alex Stewart 0-0: Ball
1-0: Ball
2-0: Swinging Strike
2-1: Foul Ball, location: 2F
2-2: Ball
3-2: Foul Ball, location: 2F
3-2: Reached on error, E6 (Groundball, 6M)
Batting: RHB Tony Hernández 0-0: Ball
1-0: Foul Ball, location: 2F
1-1: Foul Ball, location: 2F
1-2: Strikes out swinging
Batting: RHB Felipe Jareño 0-0: Ball
1-0: Foul Ball, location: 2F
1-1: Ball
2-1: DOUBLE (Flyball, 8RD)
Alex Stewart to third
Runner from 3rd tries for Home, SAFE, no throw or cutoff
Monday, December 5th, 2016 - OOTP Baseball 17.12 Build 75